Map: Bel'Shir Vestige LE (Void)

Players

PiLiPiLi

  • Race: Protoss Protoss
  • Spawn Location: 11:00

Namshar - Winner!

  • Race: Zerg Zerg
  • Spawn Location: 5:00

Event: WCS Austin 2017

VOD

Have the link to the VOD?

Description

Time

  • Played on: April 28, 2017, 9:42 p.m.
  • Length: 9:15

All games in this series

Show
View Real Time Build Order
Export as new Build Order

PiLiPiLi Protoss 

Build Orders: 1 Gate Expand, Oracle Opening 

Get SALT Encoding   

  12  0:02  Probe (Chrono Boost)  
  13  0:13  Probe (Chrono Boost)  
  14  0:21  Pylon  
  14  0:23  Probe (Chrono Boost)  
  15  0:39  Probe (Chrono Boost), Gateway  
  16  0:44  Assimilator  
  17  0:50  Probe (Chrono Boost)  
  17  1:00  Probe (Chrono Boost)  
  18  1:11  Probe (Chrono Boost)  
  19  1:19  Nexus  
  19  1:22  Probe (Chrono Boost)  
  20  1:32  Cybernetics Core  
  20  1:37  Probe (Chrono Boost)  
  21  1:42  Assimilator  
  21  1:47  Probe (Chrono Boost)  
  21  1:53  Pylon  
  22  1:58  Probe (Chrono Boost)  
  23  2:03  Warp Gate  
  23  2:07  Adept  
  23  2:13  Probe (Chrono Boost)  
  26  2:25  Probe (Chrono Boost)  
  27  2:30  Stargate  
  27  2:31  Probe (Chrono Boost)  
  27  2:35  Adept  
  29  2:37  Probe (Chrono Boost)  
  29  2:41  Probe (Chrono Boost)  
  32  2:49  Probe (Chrono Boost)  
  33  2:52  Probe (Chrono Boost)  
  34  3:00  Adept  
  34  3:01  Probe (Chrono Boost)  
  34  3:02  Probe (Chrono Boost)  
  38  3:08  Oracle  
  39  3:13  Probe (Chrono Boost)  
  39  3:14  Probe (Chrono Boost)  
  43  3:23  Gateway  
  43  3:26  Probe (Chrono Boost)  
  45  3:28  Probe (Chrono Boost), Gateway  
  45  3:32  Pylon  
  45  3:37  Twilight Council  
  45  3:40  Probe (Chrono Boost)  
  46  3:43  Assimilator  
  46  3:45  Assimilator  
  46  3:46  Void Ray  
  46  3:51  Probe (Chrono Boost)  
  46  3:54  Probe (Chrono Boost)  
  52  3:56  Pylon  
  52  4:02  Pylon  
  52  4:03  Probe (Chrono Boost)  
  52  4:05  Resonating Glaives  
  52  4:09  Probe (Chrono Boost)  
  55  4:17  Adept  
  55  4:18  Probe (Chrono Boost)  
  55  4:21  Probe (Chrono Boost)  
  60  4:31  Mothership Core (Chrono Boost)  
  60  4:33  Probe (Chrono Boost)  
  60  4:34  Pylon  
  60  4:37  Adept x3  
  67  4:45  Probe (Chrono Boost)  
  68  4:51  Probe (Chrono Boost)  
  69  4:53  Nexus  
  69  4:56  Pylon  
  69  4:57  Probe (Chrono Boost)  
  70  5:03  Pylon  
  70  5:12  Adept  
  70  5:13  Adept x2  
  72  5:20  Probe (Chrono Boost)  
  72  5:21  Probe (Chrono Boost)  
  74  5:30  Probe (Chrono Boost)  
  74  5:33  Probe (Chrono Boost), Adept x3  
  82  5:41  Pylon  
  82  5:45  Blink  
  82  5:48  Probe (Chrono Boost)  
  83  5:52  Forge  
  83  5:55  Adept  
  85  5:58  Pylon  
  85  5:59  Probe (Chrono Boost), Sentry x2  
  90  6:10  Probe (Chrono Boost), Protoss Ground Weapons Level 1  
  91  6:11  Probe (Chrono Boost)  
  91  6:12  Probe (Chrono Boost)  
  91  6:21  Probe x2 (Chrono Boost)  
  91  6:22  Robotics Facility  
  91  6:24  Probe (Chrono Boost), Gateway  
  94  6:25  Gateway  
  94  6:27  Sentry  
  94  6:28  Sentry x2, Gateway  
  101  6:33  Probe x2 (Chrono Boost)  
  101  6:43  Probe x2 (Chrono Boost)  
  103  6:47  Gateway  
  103  6:48  Gateway  
  103  6:50  Gateway  
  103  6:51  Probe (Chrono Boost)  
  103  6:52  Gateway  
  105  6:56  Assimilator, Probe x2 (Chrono Boost)  
  105  6:58  Assimilator  
  105  6:59  Sentry x2  
  105  7:00  Sentry  
  112  7:03  Probe (Chrono Boost)  
  113  7:22  Immortal  
  113  7:26  Gateway  
  117  7:38  Pylon  
  117  7:41  Pylon, Stalker x2  
  117  7:43  Pylon  
  117  7:44  Pylon  
  117  7:46  Pylon  
  117  7:50  Pylon  
  114  7:56  Warp Prism  
  114  8:02  Stalker, Pylon  
  114  8:03  Stalker x7  
  132  8:16  Stalker x2  
  136  8:26  Stalker x6  
  148  8:28  Stalker  
  148  8:30  Stalker  
  128  9:04  Stalker x8  
Show
View Real Time Build Order
Export as new Build Order

Namshar Zerg - Winner!

Build Orders: Hatch First 

Get SALT Encoding   

  12  0:00  Drone  
  13  0:12  Overlord  
  13  0:17  Drone  
  14  0:30  Drone  
  14  0:31  Drone  
  14  0:34  Drone  
  17  0:51  Hatchery  
  17  0:53  Drone  
  17  0:56  Drone  
  18  1:07  Extractor  
  18  1:11  Spawning Pool  
  16  1:15  Drone  
  16  1:18  Drone  
  18  1:27  Drone  
  19  1:38  Overlord  
  19  1:49  Drone  
  20  1:57  Queen  
  20  1:59  Zergling x2  
  23  2:02  Queen  
  23  2:03  Drone  
  23  2:07  Metabolic Boost  
  26  2:10  Drone  
  26  2:14  Zergling x2  
  28  2:22  Drone  
  29  2:24  Drone  
  30  2:31  Hatchery  
  30  2:35  Drone  
  30  2:39  Drone  
  30  2:42  Queen  
  33  2:47  Overlord  
  33  2:50  Drone  
  34  2:53  Drone  
  34  2:57  Overlord  
  35  3:06  Drone  
  35  3:11  Drone  
  35  3:12  Drone x5  
  41  3:13  Drone  
  41  3:18  Queen  
  44  3:23  Drone x2  
  46  3:32  Drone, Roach Warren  
  46  3:36  Drone  
  47  3:43  Overlord  
  47  3:45  Overlord  
  47  3:48  Drone x3  
  50  3:51  Drone x2  
  52  3:56  Overlord  
  52  4:01  Overlord  
  52  4:04  Drone  
  52  4:05  Drone  
  52  4:09  Spore Crawler  
  53  4:13  Spore Crawler  
  52  4:17  Spore Crawler  
  52  4:19  Spore Crawler  
  52  4:20  Drone, Spore Crawler  
  52  4:22  Drone  
  52  4:23  Drone  
  52  4:25  Zergling x2  
  52  4:26  Zergling x10  
  60  4:34  Zergling x6  
  60  4:35  Zergling x6  
  60  4:37  Lair  
  66  4:38  Drone  
  66  4:40  Evolution Chamber  
  66  4:41  Drone x2  
  66  4:43  Drone  
  66  4:44  Extractor  
  68  4:45  Extractor  
  68  4:49  Drone  
  68  4:53  Drone x4  
  68  4:54  Drone  
  68  4:59  Overlord  
  73  5:00  Overlord x2  
  68  5:17  Drone  
  68  5:18  Extractor  
  68  5:20  Drone, Zerg Missile Weapons Level 1  
  67  5:21  Extractor  
  67  5:22  Drone x3  
  67  5:26  Drone  
  67  5:27  Drone x2, Overlord  
  72  5:28  Drone  
  72  5:29  Drone x2  
  72  5:31  Drone x2  
  72  5:33  Roach x2  
  81  5:36  Roach x3  
  81  5:39  Roach x2  
  81  5:40  Glial Reconstitution  
  81  5:42  Overlord  
  89  5:47  Overlord  
  89  5:52  Roach  
  89  5:53  Roach  
  89  5:55  Roach x3  
  89  5:56  Roach x2  
  103  5:57  Roach  
  103  6:03  Roach x3  
  110  6:07  Roach x3  
  113  6:13  Drone  
  113  6:15  Drone, Extractor  
  114  6:22  Roach x2  
  119  6:25  Drone x2  
  119  6:26  Drone, Overlord x2  
  119  6:29  Roach x3  
  126  6:34  Drone  
  126  6:37  Hydralisk Den  
  126  6:46  Drone  
  127  6:47  Drone  
  127  6:48  Drone  
  127  6:50  Hatchery  
  128  6:56  Overlord x2  
  128  6:57  Overseer  
  128  7:03  Overseer  
  128  7:11  Drone  
  128  7:13  Muscular Augments  
  129  7:17  Baneling Nest  
  129  7:18  Queen  
  129  7:22  Evolution Chamber, Hydralisk x8  
  131  7:29  Hydralisk x4  
  153  7:37  Hydralisk x3  
  153  7:42  Overlord x3  
  159  7:51  Drone x3  
  160  7:58  Overlord x4  
  162  7:59  Overlord  
  162  8:05  Hydralisk x3  
  162  8:07  Pneumatized Carapace  
  162  8:08  Overseer  
  168  8:13  Hydralisk x2  
  168  8:17  Spore Crawler  
  168  8:18  Drone x2  
  173  8:21  Drone x2  
  173  8:23  Drone x3  
  173  8:25  Extractor  
  177  8:27  Extractor  
  177  8:33  Ravager x6  
  182  8:39  Ravager, Hydralisk  
  182  8:40  Zergling x16  
  193  8:47  Hydralisk x3  
  193  8:48  Zergling x2  
Tags
 
Add a new tag
Caveats
  • Supply blocks, unpowered buildings, or Contaminate may cause inaccurate times.
  • Supply counts are checked every 10 seconds.